Map: Amygdala

Players

WeAreLegion

  • Race: Terran Terran
  • League: Silver
  • Spawn Location: 7:00

TCAT - Winner!

  • Race: Protoss Protoss
  • League: Silver
  • Spawn Location: 1:00

VOD

Have the link to the VOD?

Description

Time

  • Played on: Dec. 2, 2024, 9:51 p.m.
  • Length: 2:26
Show
View Real Time Build Order
Export as new Build Order

WeAreLegion Terran 

Build Orders:  

Get SALT Encoding   

  12  0:00  SCV  
  13  0:12  SCV  
  14  0:17  Supply Depot  
  14  0:35  SCV  
  15  0:40  Barracks  
  15  0:45  Refinery  
  15  0:47  SCV  
  16  0:59  SCV  
  17  1:11  SCV  
  18  1:24  SCV  
Show
View Real Time Build Order
Export as new Build Order

TCAT Protoss - Winner!

Build Orders: Cannon Rush 

Get SALT Encoding   

  12  0:01  Probe  
  13  0:16  Pylon  
  13  0:18  Probe  
  14  0:26  Probe  
  14  0:35  Probe  
  15  0:41  Forge  
  16  0:47  Probe  
  17  0:56  Pylon  
  17  1:02  Probe  
  18  1:14  Probe  
  19  1:21  Gateway, Photon Cannon  
  19  1:26  Pylon  
  19  1:41  Photon Cannon  
  19  1:43  Pylon  
  19  1:54  Photon Cannon  
  19  2:03  Photon Cannon  
  19  2:09  Pylon  
Tags
 
Matchup
PvT
Replay Pack
December
Spawn Locations
Cross Positions
Add a new tag
Caveats
  • Supply blocks, unpowered buildings, or Contaminate may cause inaccurate times.
  • Supply counts are checked every 10 seconds.